 Dungeon Crawl Stone Soup version 0.24-a0-69-g55f835606b (webtiles) character file.

Game seed: 2743519342847269455

20422 Roikka the Cleaver (level 12, -1/131 HPs)
             Began as an Ogre Wanderer on Feb 6, 2019.
             Was a High Priest of Wu Jian.
             Slain by a minotaur
             ... wielding the +5 glaive "Arcanum" {chop, Str+3 Stlth+}
              (4 damage)
             ... in a Gauntlet.
             The game lasted 01:08:15 (12467 turns).

Roikka the Cleaver (Ogre Wanderer)                 Turns: 12467, Time: 01:08:16

Health: -1/131     AC: 16    Str: 27    XL:     12   Next: 79%
Magic:  0/19       EV: 10    Int: 14    God:    Wu Jian [*****.]
Gold:   745        SH:  0    Dex: 11    Spells: 21/21 levels left

rFire    . . .     SeeInvis .   a - +2 hand axe (elec)
rCold    . . .     Gourm    .   (no shield)
rNeg     . . .     Faith    .   r - +3 storm dragon scales of Des Quosm {rElec MR+}
rPois    .         Spirit   +   (helmet restricted)
rElec    +         Reflect  .   p - +1 cloak
rCorr    .         Harm     .   (gloves unavailable)
MR       ++...     NoTele   +   (boots unavailable)
Stlth    ..........             f - amulet of guardian spirit
HPRegen  0.31/turn              c - +6 ring of slaying
MPRegen  0.16/turn              u - +3 ring of strength

@: mighty
A: large, unfitting armour, tough skin 1
a: Wall Jump, Serpent's Lash, Heavenly Storm, Renounce Religion


You were in a Gauntlet.
You worshipped Wu Jian.
Wu Jian was extremely pleased with you.
You were not hungry.

You visited 1 branch of the dungeon, and saw 13 of its levels.
You also visited: Gauntlet.

You collected 822 gold pieces.
You spent 77 gold pieces at shops.

Inventory:

Hand Weapons
 a - a +2 hand axe of electrocution (weapon)
 b - a +0 blowgun
 E - the +10 short sword of Action {flame, Dex+4}
   (You found it on level 10 of the Dungeon)

   It has been specially enchanted to burn those struck by it, causing extra
   injury to most foes and up to half again as much damage against particularly
   susceptible opponents.
   It affects your dexterity (+4).
 O - a +1 halberd of flaming
 Q - a +2 hand axe of chopping
Missiles
 l - 22 tomahawks (quivered)
 o - 41 poisoned needles
 J - 9 tomahawks of returning
Armour
 p - a +1 cloak (worn)
 r - the +3 storm dragon scales of Des Quosm (worn) {rElec MR+}
   (You acquired it on level 7 of the Dungeon)

   It insulates you from electricity.
   It affects your resistance to hostile enchantments.
 K - a +1 robe of fire resistance
 P - +0 acid dragon scales
Magical Staves
 G - an uncursed staff of conjuration
Jewellery
 c - a +6 ring of slaying (left hand)
 f - an amulet of guardian spirit (around neck)
 q - an uncursed ring of ice
 s - an uncursed ring of wizardry
 u - a +3 ring of strength (right hand)
 S - an uncursed ring of protection from fire
Wands
 v - a wand of clouds (3)
 B - a wand of paralysis (20)
 I - a wand of iceblast (10)
 L - a wand of digging (5)
 N - a wand of flame (47)
Scrolls
 h - 2 scrolls of fear
 i - 9 scrolls of remove curse
 n - 9 scrolls of teleportation
 x - 3 scrolls of enchant weapon
 y - 3 scrolls of blinking
 A - a scroll of magic mapping
 D - 2 scrolls of identify
 H - a scroll of immolation
 R - a scroll of brand weapon
Potions
 g - 2 potions of brilliance
 k - 6 potions of curing
 t - 2 potions of mutation
 w - 2 potions of lignification
 z - a potion of resistance
 C - a potion of cancellation
 T - a potion of agility
Miscellaneous
 e - a sack of spiders
 F - a box of beasts
Comestibles
 d - 26 rations


   Skills:
 + Level 11.7 Fighting
 + Level 14.4 Axes
   Level 1.0 Bows
 * Level 9.1 Dodging
 - Level 1.0 Stealth
   Level 1.0 Shields
 - Level 5.0 Spellcasting
 * Level 4.2 Evocations


You had 21 spell levels left.
You didn't know any spells.
Your spell library contained the following spells:

 Spells                   Type           Power        Failure   Level  Hunger
 Animate Skeleton         Necr           N/A          77%         1    None
 Beastly Appendage        Tmut           #.....       77%         1    None
 Pain                     Necr           #...         77%         1    None
 Summon Butterflies       Summ           #.......     77%         1    None
 Sticks to Snakes         Tmut           #.......     88%         2    ##.....
 Regeneration             Chrm/Necr      #.........   98%         3    ###....
 Spider Form              Tmut/Pois      #.........   98%         3    ###....
 Vampiric Draining        Necr           #.........   98%         3    ###....
 Animate Dead             Necr           N/A          100%        4    ####...
 Ice Form                 Ice/Tmut       #.......     100%        4    ####...
 Aura of Abjuration       Summ           #.........   100%        5    ######.
 Blade Hands              Tmut           #.........   100%        5    ######.
 Dispel Undead            Necr           #.......     100%        5    ######.
 Spellforged Servitor     Conj/Summ      #.........   100%        7    #######


Dungeon Overview and Level Annotations

Branches:
Dungeon (13/15)              Lair (0/6) D:8             Orc (0/2) D:12
 Temple: D:4-7       Vaults: D:13-14

Altars:
Dithmenos
Elyvilon
Fedhas
Gozag
Hepliaklqana
Nemelex Xobeh
Qazlal
Trog
Wu Jian
Xom

Shops:
D:4 ?   D:7 (   D:13 %

Annotations:
D:5 Duvessa Gauntlet 6 transporters


Innate Abilities, Weirdness & Mutations

You are too large for most types of armour.
You have tough skin. (AC +1)


Message History

Your wolf spider simulacrum closely misses the minotaur.
Your wolf spider simulacrum bites the minotaur but does no damage.
Your boggart hits the minotaur but does no damage.
The minotaur hits your wolf spider simulacrum with the +5 glaive "Arcanum" {chop, Str+3 Stlth+}!!
Your wolf spider simulacrum vapourises!
Your boggart gestures wildly while chanting.
Your boggart hits the minotaur but does no damage.
The minotaur hits your boggart with the +5 glaive "Arcanum" {chop, Str+3 Stlth+}!!
Your boggart dies!
Your soul eater dissolves into shadows!
Evoke which item? (* to show all) (? for menu, Esc to quit)
Aiming: Cloud Cone
Press: ? - help, Dir - move target cursor, f/p - minotaur
Aim: a minotaur, wielding the +5 glaive "Arcanum" {chop, Str+3 Stlth+} and wearing a +4 plate armour of fire resistance (severely wounded, hasn't noticed you)
You create a blast of noxious fumes!
The minotaur bellows!
The minotaur is engulfed in noxious fumes.
The minotaur hits you from afar with the +5 glaive "Arcanum" {chop, Str+3 Stlth+}!!
* * * LOW HITPOINT WARNING * * *
You die...

#. ... ....##≈.#[.8.8
##.##.###.8.###.#©8.©.
#8..........##..#?.8.8
#.....#Z#.8.#...#...8y
#######§#.#...#.∩.#..8#8
[8[8h8#§..#.©.#...######
(Hhh..H§###...#.8.....#.
:8|8.8#§..#.©.#...######
#######@#.#...#.∩.#.....
#.....#.#.8.#...#.####
#8..........##..#.#...
##.##.###.8.###.#©#.©.
#..... ....##≈.#.#...
########.8.#≈≈.#..###
#...##≈.#.....
#######.###### #≈.......


You could see a minotaur.

Vanquished Creatures
  A two-headed ogre (D:12)
  2 centaur warriors (D:13)
  A soul eater (Gauntlet)
  4 lindwurms (D:10)
  2 ugly things (D:11)
  A deep elf mage (D:12)
  A centaur zombie (D:12)
  A gargoyle (D:12)
  A kobold demonologist (D:13)
  A komodo dragon (D:10)
  3 hornets
  2 trolls
  Grinder (D:4)
  5 slime creatures (D:12)
  7 hippogriffs
  4 shadows
  7 yaks
  3 basilisks
  2 hungry ghosts
  3 soldier ants
  An acid dragon (D:13)
  A water moccasin (D:11)
  4 ice beasts
  7 orc warriors
  4 sky beasts
  A hornet zombie (D:8)
  9 ogres
  3 phantoms
  6 centaurs
  2 big kobolds
  5 bullfrogs
  Blork the orc (D:4)
  A gnoll sergeant (D:10)
  3 scorpions
  5 small abominations (Gauntlet)
  Dowan (D:5)
  11 wights
  An electric eel (D:11)
  2 howler monkeys (D:10)
  8 crimson imps
  A bullfrog zombie (D:10)
  A quasit (D:6)
  6 bullfrog skeletons
  6 orc priests
  4 hounds
  7 jellies
  5 centaur skeletons
  Crazy Yiuf (D:5)
  9 orc wizards
  A gnoll shaman (D:9)
  3 iguanas
  11 worker ants
  A hound zombie (D:8)
  12 gnolls
  13 adders
  4 shadow imps (Gauntlet)
  3 oozes
  An adder zombie (D:2)
  A worm (D:3)
  4 leopard geckos
  43 orcs
  10 bats
  A bat skeleton (D:2)
  3 giant cockroaches
  9 goblins
  9 hobgoblins
  3 jackals (D:4)
  15 kobolds
  5 quokkas
  2 ball pythons
  A ball python skeleton (D:2)
  4 frilled lizards
  A leopard gecko skeleton (D:4)
  A leopard gecko zombie (D:2)
  2 quokka skeletons
  A quokka zombie (D:6)
  8 rats
  A withered plant (D:2)
341 creatures vanquished.

Notes
Turn   | Place    | Note
-------+----------+-------------------------------------------
     0 | D:1      | Roikka the Ogre Wanderer began the quest for the Orb.
     0 | D:1      | Roikka set off with the following items: a +2 hand axe, a
                  | +0 robe, a potion of lignification, a ration
     0 | D:1      | Reached XP level 1. HP: 22/22 MP: 1/1
   113 | D:1      | Reached XP level 2. HP: 27/31 MP: 2/2
   517 | D:1      | Reached XP level 3. HP: 37/37 MP: 3/3
  1661 | D:2      | Reached XP level 4. HP: 48/48 MP: 4/4
  1813 | D:2      | Reached skill level 3 in Axes
  2190 | D:3      | Found an ornate altar of the Wu Jian Council.
  2207 | D:3      | Became a worshipper of the Wu Jian Council
  2731 | D:4      | Noticed Grinder
  2737 | D:4      | Paralysed by Grinder for 4 turns
  2750 | D:4      | Killed Grinder
  2750 | D:4      | Reached skill level 5 in Fighting
  2750 | D:4      | Reached XP level 5. HP: 30/57 MP: 3/8
  2750 | D:4      | Reached XP level 6. HP: 35/66 MP: 3/9
  3020 | D:4      | Found Bots's Magic Scroll Shoppe.
  3024 | D:4      | Bought a scroll of identify for 28 gold pieces
  3024 | D:4      | Bought a scroll of fear for 49 gold pieces
  3077 | D:4      | Reached skill level 4 in Axes
  3103 | D:4      | Noticed Blork the orc
  3110 | D:4      | Killed Blork the orc
  3110 | D:4      | Reached XP level 7. HP: 72/72 MP: 9/11
  3156 | D:4      | Found a white marble altar of Elyvilon.
  3240 | D:4      | Found a bloodstained altar of Trog.
  3358 | D:4      | Reached * piety under Wu Jian
  3438 | D:5      | Entered Level 5 of the Dungeon
  3617 | D:5      | Found a runed translucent door.
  3618 | D:5      | Noticed Crazy Yiuf
  3623 | D:5      | Killed Crazy Yiuf
  3805 | D:5      | Reached XP level 8. HP: 84/84 MP: 13/13
  3825 | D:5      | Noticed Dowan
  3826 | D:5      | Noticed Duvessa
  3827 | D:5      | Killed Dowan
  3827 | D:5      | Reached skill level 5 in Axes
  3827 | D:5      | Reached skill level 5 in Dodging
  3836 | D:5      | HP: 4/84 [Duvessa/+6 vampiric short sword (17)]
  4441 | D:6      | Found a hazy altar of Hepliaklqana.
  4806 | D:6      | Reached skill level 5 in Spellcasting
  4817 | D:6      | Reached skill level 6 in Axes
  4818 | D:6      | Reached ** piety under Wu Jian
  4947 | D:6      | Reached XP level 9. HP: 50/96 MP: 16/16
  5772 | D:7      | Reached skill level 7 in Axes
  5864 | D:7      | Found Kitiac's Weapon Shoppe.
  5958 | D:7      | Identified a scroll of acquirement
  5962 | D:7      | Got polished storm dragon scales
  5973 | D:7      | Identified the +3 storm dragon scales of Des Quosm {rElec
                  | MR+} (You acquired it on level 7 of the Dungeon)
  6295 | D:8      | You fall through a shaft for 2 floors!
  6295 | D:10     | Entered Level 10 of the Dungeon
  6373 | D:10     | Noticed a troll
  6383 | D:10     | Killed a troll
  6449 | D:10     | Reached skill level 10 in Fighting
  6449 | D:10     | Reached XP level 10. HP: 106/110 MP: 15/17
  6471 | D:9      | Found a sparkling altar of Nemelex Xobeh.
  6480 | D:8      | Reached *** piety under Wu Jian
  6492 | D:9      | Reached skill level 8 in Axes
  6615 | D:8      | Found a staircase to the Lair.
  6721 | D:8      | Found a blossoming altar of Fedhas.
  6758 | D:8      | Found a shimmering altar of Xom.
  6884 | D:8      | Paralysed by a hornet for 1 turns
  6886 | D:8      | Paralysed by a hornet for 1 turns
  7206 | D:8      | Found a stormy altar of Qazlal.
  7418 | D:9      | Reached skill level 9 in Axes
  7594 | D:9      | Found a shadowy altar of Dithmenos.
  7601 | D:9      | Found an opulent altar of Gozag.
  7650 | D:9      | Reached skill level 10 in Axes
  7947 | D:9      | Reached **** piety under Wu Jian
  8223 | D:10     | Reached XP level 11. HP: 119/119 MP: 18/18
  8276 | D:10     | Reached skill level 11 in Axes
  8327 | D:10     | Noticed a lindwurm
  8627 | D:10     | Paralysed by a hornet for 3 turns
  8635 | D:10     | Paralysed by a hornet for 3 turns
  9010 | D:10     | Noticed a lindwurm
  9047 | D:10     | Killed a lindwurm
  9053 | D:10     | Noticed a lindwurm
  9067 | D:10     | Noticed a lindwurm
  9088 | D:10     | Killed a lindwurm
  9088 | D:10     | Reached skill level 12 in Axes
  9129 | D:10     | Killed a lindwurm
  9129 | D:10     | Killed a lindwurm
  9595 | D:10     | Got a faintly glowing short sword
  9643 | D:10     | Identified the +10 short sword of Action {flame, Dex+4}
                  | (You found it on level 10 of the Dungeon)
  9647 | D:11     | Noticed a purple ugly thing
  9660 | D:11     | Killed a purple ugly thing
 10069 | D:11     | Noticed a cyan ugly thing
 10083 | D:11     | Killed a cyan ugly thing
 10083 | D:11     | Reached skill level 13 in Axes
 10760 | D:11     | Reached ***** piety under Wu Jian
 11008 | D:12     | Reached XP level 12. HP: 100/128 MP: 15/19
 11012 | D:12     | Reached skill level 14 in Axes
 11091 | D:12     | Reached skill level 1 in Evocations
 11103 | D:12     | Noticed a two-headed ogre
 11114 | D:12     | Killed a two-headed ogre
 11382 | D:12     | Found a staircase to the Orcish Mines.
 11917 | D:13     | Noticed a centaur warrior
 11937 | D:13     | Killed a centaur warrior
 11943 | D:13     | Found Paty's Food Boutique.
 11972 | D:13     | Noticed a centaur warrior
 11980 | D:13     | Killed a centaur warrior
 11981 | D:13     | Found a gate leading to a gauntlet.
 12008 | Gauntlet | Entered a Gauntlet
 12008 | Gauntlet | Found a transporter.
 12008 | Gauntlet | Found a transporter.
 12016 | Gauntlet | Found a transporter.
 12019 | Gauntlet | Found a transporter.
 12020 | Gauntlet | Found a transporter.
 12020 | Gauntlet | Found a transporter.
 12022 | Gauntlet | Noticed a soul eater
 12054 | Gauntlet | Found a transporter.
 12058 | Gauntlet | Found a transporter.
 12075 | Gauntlet | Found a transporter.
 12089 | Gauntlet | Found a transporter.
 12104 | Gauntlet | Found a transporter.
 12108 | Gauntlet | Found a transporter.
 12212 | Gauntlet | Identified the Collected Works on Calling and Black Arts
 12284 | Gauntlet | Killed a soul eater
 12425 | Gauntlet | Identified the +5 glaive "Arcanum" {chop, Str+3 Stlth+}
 12425 | Gauntlet | Identified the cursed +2 fustibalus of Moderation
                  | {velocity, Str+3}
 12425 | Gauntlet | Noticed a minotaur
 12467 | Gauntlet | HP: 3/131 [minotaur/the +5 glaive "Arcanum" {chop, Str+3
                  | Stlth+} (20)]
 12467 | Gauntlet | Slain by a minotaur

Vault maps used:
D:1:      lightli_arrival_noodles, layout_loops_corners,
          corexii_leaking_fountain
D:2:      layout_loops_ring, first_ration, serial_undead, serial_undead_e,
          serial_undead_e, serial_undead_b, serial_undead_c, serial_undead_a,
          serial_undead_b
D:3:      minmay_wonky_spiral, layout_loops_ring, nicolae_overflow_crystal_walls
D:4:      layout_rooms, kennysheep_mini, lemuel_round_altar, serial_shops,
          nicolae_shop_behind_doors, hangedman_decor_growths, uniq_grinder,
          uniq_blork_the_orc
D:5:      minmay_goblin_kobold_castle, layout_basic,
          minmay_temple_entry_enclosed_plants, serial_shops,
          nicolae_shop_overgrown_old_shop, tgw_sif, uniq_eustachio, uniq_pikel,
          uniq_crazy_yiuf_cottage, uniq_duvessa
D:6:      layout_basic, marbit_many_paths, minmay_misc_feat_diagonals
D:7:      layout_loops_ring, serial_shops, nicolae_shop_stone
D:8:      layout_basic, grunt_temple_overflow_forces_of_nature,
          lemuel_doored_altar, david_lair_generic
D:9:      layout_cave_pools, nemelex_xobeh_ov_fountains_minmay,
          grunt_temple_overflow_open
D:10:     layout_cave_pools, hangedman_pestilent_swarm, minivault_19,
          minmay_lindwurm_lava
D:11:     layout_basic, serial_rivers, chequers_serial_rivers_micro_a,
          chequers_serial_rivers_large_a, chequers_serial_rivers_micro_e,
          chequers_serial_rivers_small_a, chequers_serial_rivers_small_b,
          chequers_serial_rivers_small_3
D:12:     layout_big_octagon, david_orc_2, st_stairs_5, minmay_librarian
D:13:     layout_basic, serial_shops, kennysheep_little_box,
          gauntlet_entry_generic
Gauntlet: minmay_gauntlet_77_indecision [minmay_gauntlet_arena_77_hold_the_fort,
          minmay_gauntlet_arena_77_chump_sandwich,
          minmay_gauntlet_arena_77_mess, minmay_gauntlet_arena_77_two_lines,
          minmay_gauntlet_arena_77_box,
          minmay_gauntlet_arena_77_terracotta_army,
          nicolae_gauntlet_exit_dead_adventurers]

Skill      XL: |  1  2  3  4  5  6  7  8  9 10 11 12 |
---------------+-------------------------------------+-----
Fighting       | 3 5 6 8 10 11 | 11.7
Dodging        | 3 4 5 7 8 9 |  9.1
Axes           | 3 4 6 7 10 13 14 | 14.4
Spellcasting   | 2 3 5 |  5.0
Evocations     | 4 |  4.2
Bows           | |  1.0
Stealth        | |  1.0
Shields        | |  1.0

Action                   |  1- 3 |  4- 6 |  7- 9 | 10-12 || total
-------------------------+-------+-------+-------+-------++-------
Melee: Hand axe          |   115 |    82 |   217 |   569 ||   983
 Fire: Blowgun           |       |       |       |    39 ||    39
Throw: Tomahawk          |     3 |     5 |     6 |    38 ||    52
Invok: Lunge             |       |     5 |    35 |    48 ||    88
       Whirlwind         |       |       |     8 |    32 ||    40
       Serpent's Lash    |       |       |       |     1 ||     1
Evoke: Wand              |       |       |     4 |     4 ||     8
  Use: Potion            |     1 |       |     1 |     5 ||     7
       Scroll            |       |    14 |    11 |    10 ||    35
 Stab: Sleeping          |     2 |     2 |     1 |       ||     5
       Distracted        |       |     1 |     1 |     1 ||     3
  Eat: Chunk             |     2 |     5 |    10 |    17 ||    34
       Ration            |       |       |       |     2 ||     2
Armor: Robe              |    33 |    14 |    38 |    13 ||    98
       Skin              |    16 |       |       |       ||    16
       Storm dragon scal |       |       |    26 |   202 ||   228
Dodge: Dodged            |    55 |    34 |    85 |   167 ||   341

Table legend:
 A = Non-vault XP
 B = Vault XP
 C = Vault XP percentage of total XP
 D = Non-vault monster count
 E = Vault monster count
 F = Vault count percentage of total count
                 A         B        C        D         E       F
            +---------+---------+-------+---------+---------+-------
      Total |   21061 |    8114 |  27.8 |     288 |      52 |  15.3
            +---------+---------+-------+---------+---------+-------
        D:1 |      43 |       0 |   0.0 |      25 |       0 |   0.0
        D:2 |      52 |      10 |  16.1 |      15 |       5 |  25.0
        D:3 |      23 |      19 |  45.2 |      13 |       4 |  23.5
        D:4 |     140 |     377 |  72.9 |      13 |       2 |  13.3
        D:5 |     533 |     103 |  16.2 |       7 |       3 |  30.0
        D:6 |    1348 |       1 |   0.1 |      29 |       1 |   3.3
        D:7 |    1150 |       0 |   0.0 |      31 |       0 |   0.0
        D:8 |    1318 |     393 |  23.0 |      22 |       2 |   8.3
        D:9 |    1785 |     461 |  20.5 |      22 |       2 |   8.3
       D:10 |    2825 |    3375 |  54.4 |      39 |       8 |  17.0
       D:11 |    4141 |       0 |   0.0 |      37 |       0 |   0.0
       D:12 |    4622 |    1227 |  21.0 |      21 |      12 |  36.4
       D:13 |    3081 |       0 |   0.0 |      14 |       0 |   0.0
   Gauntlet |       0 |    2148 | 100.0 |       0 |      13 | 100.0
            +---------+---------+-------+---------+---------+-------
